 Dungeon Crawl Stone Soup version 0.31-a0-1591-g515db51633 (webtiles) character file.

Game seed: 11773520830494910453

180 pokeman the Magician (level 5, -5/29 HPs)
             Began as a Deep Elf Hedge Wizard on Jan 6, 2024.
             Succumbed to a kobold brigand's curare-tipped dart
             ... in a sewer.
             The game lasted 00:06:46 (3577 turns).

pokeman the Magician (Deep Elf Hedge Wizard)        Turns: 3577, Time: 00:06:47

Health: -5/29      AC:  5    Str:  7    XL:     5   Next: 33%
Magic:  6/15       EV: 12    Int: 21    God:
Gold:   151        SH:  0    Dex: 14    Spells: 8/16 levels left

rFire   . . .        a - +2 dagger (venom)
rCold   . . .        (no shield)
rNeg    . . .        i - +2 leather armour "Losel" {Slay+3}
rPois   .            c - +0 hat
rElec   .            (no cloak)
rCorr   .            (no gloves)
SInv    .            (no boots)
Will    .....        (no amulet)
Stlth   ++           (no ring)
HPRegen 0.24/turn    (no ring)
MPRegen 0.14/turn

%: no passive effects
@: lethally poisoned (-5 -> -21), slowed, very slow
A: no striking features
a: no special abilities


You were in a sewer.
You visited 1 branch of the dungeon, and saw 3 of its levels.
You also visited: Sewer.

You collected 151 gold pieces.

Inventory:

Hand Weapons
 a - a +2 dagger of venom (weapon)
Armour
 c - a +0 hat (worn)
 i - the +2 leather armour "Losel" (worn) {Slay+3}
   (You found it on level 2 of the Dungeon)

   Slay+3:    It affects your accuracy & damage with ranged weapons and melee
   (+3).
Jewellery
 k - a ring of fire
Scrolls
 b - a scroll of brand weapon {unknown}
 g - 2 scrolls of teleportation {unknown}
 h - 4 scrolls of enchant armour {unknown}
 j - a scroll of noise {unknown}
 m - a scroll of identify {unknown}
 n - a scroll of fear {unknown}
Potions
 d - 3 potions of magic
 e - 2 potions of might {unknown}
 f - a potion of enlightenment {unknown}
 l - 3 potions of curing {unknown}
 o - a potion of haste {unknown}
 p - a potion of invisibility {unknown}


   Skills:
 - Level 1.0 Fighting
 - Level 1.0 Armour
 - Level 3.0 Dodging
 - Level 3.0 Stealth
 * Level 6.3 Spellcasting
 + Level 2.6 Conjurations
 - Level 1.1 Summonings
 - Level 1.1 Translocations
 + Level 0.3 Air Magic
 + Level 0.6 Alchemy


You had 8 spell levels left.
You knew the following spells:

 Your Spells              Type           Power      Damage    Failure   Level
a - Magic Dart            Conj           68%        1d6       4%          1
b - Mephitic Cloud        Conj/Alch/Air  11%        N/A       26%         3
c - Call Imp              Summ           22%        N/A       13%         2
d - Blink                 Tloc           22%        N/A       13%         2

Your spell library contained the following spells:

 Spells                   Type           Power      Damage    Failure   Level
 Slow                     Hex            24%        N/A       14%         1
 Cigotuvi's Dreadful Rot  Necr/Alch/Air  14%        N/A       19%         2


Dungeon Overview and Level Annotations

Branches:
Dungeon (3/15)              Sewer (1/1)

Altars:

Shops:
D:2 =


Message History

Press: ? - help, Shift-Dir - straight line, f - kobold brigand
Aim: a kobold brigand, wielding a +0 whip and quivering curare-tipped darts (moderately wounded, chance to affect: 77%)
The ball explodes into a vile cloud!
The stinking cloud engulfs the kobold brigand.
The kobold brigand is moderately wounded.
The stinking cloud engulfs you.
The kobold brigand is engulfed in noxious fumes.
The kobold brigand appears confused.
Unknown command.
Unknown command.
The kobold brigand hits you with a +0 whip!
* * * LOW HITPOINT WARNING * * *
You hit the kobold brigand but do no damage.
The kobold brigand is poisoned.
The kobold brigand is moderately wounded.
You barely miss the kobold brigand.
The kobold brigand is moderately wounded.
You hit the kobold brigand.
The kobold brigand looks as sick as possible!
The kobold brigand is heavily wounded.
The kobold brigand hits you with a +0 whip.
* * * LOW HITPOINT WARNING * * *
The kobold brigand seems less confused.
The kobold brigand barely misses you.
The kobold brigand throws a curare-tipped dart.
The curare-tipped dart hits you.
You are lethally poisoned!
You have difficulty breathing.
* * * LOW HITPOINT WARNING * * *
You feel yourself slow down.
There is an open door here.
You see here a +0 short sword.
Casting: Mephitic Cloud (quite dangerous; 26% risk of failure)
Confirm with . or Enter, or press ? or * to list all spells.
Aiming: Mephitic Cloud (quite dangerous; 26% risk of failure)
Press: ? - help, Shift-Dir - straight line, f/p - kobold brigand
Aim: a kobold brigand, wielding a +0 whip and quivering curare-tipped darts (almost dead, very poisoned, chance to affect: 77%)
The ball explodes into a vile cloud!
The stinking cloud engulfs the kobold brigand.
The kobold brigand is almost dead.
You die...

##.....~≈≈≈≈≈~.....
#.....~~≈≈≈≈≈≈....#
#.....#≈≈≈≈≈≈≈.†..#
#....##~≈≈≈≈≈÷....#
#....#~≈≈≈≈≈≈~.....
##....~~≈≈≈≈≈≈≈.....
#....~.≈≈≈≈≈≈≈~....#
#....~~~≈≈≈≈≈≈~÷)).#
###@###≈#≈#≈####'###
#☼).§.##≈#≈# #.))).#
#..○K§# #≈# #.....#
##○☼.## ≈# ##...##
#.....# #.....#
#.!#..# #..#..#
####### #######
≈≈≈≈≈≈≈≈ ≈≈≈≈≈≈≈≈
≈≈≈≈≈≈≈≈≈≈ ≈≈≈≈≈≈≈≈≈


You could see a kobold brigand (very poisoned).

Vanquished Creatures
  4 adders
  3 river rats (Sewer)
  3 dart slugs
  2 ribbon worms (D:2)
  An orc (D:3)
  8 ball pythons
  4 endoplasms
  7 giant cockroaches
  8 goblins
  2 hobgoblins
  2 jackals (D:1)
  5 quokkas (D:3)
  5 bats
  3 frilled lizards
  20 kobolds
  24 rats
101 creatures vanquished.

Vanquished Creatures (collateral kills)
  An adder (Sewer)
  A ball python (Sewer)
2 creatures vanquished.

Grand Total: 103 creatures vanquished

Notes
Turn   | Place    | Note
-------+----------+-------------------------------------------
     0 | D:1      | pokeman the Deep Elf Hedge Wizard began the quest for the
                  | Orb.
     0 | D:1      | Reached XP level 1. HP: 10/10 MP: 7/7
   232 | D:1      | Reached XP level 2. HP: 5/15 MP: 1/9
   817 | D:1      | Reached skill level 5 in Spellcasting
  1146 | D:2      | Reached XP level 3. HP: 20/20 MP: 7/11
  1150 | D:2      | Learned a level 3 spell: Mephitic Cloud
  1153 | D:2      | Learned a level 2 spell: Call Imp
  1156 | D:2      | Learned a level 2 spell: Blink
  1218 | D:2      | Identified the +2 leather armour "Losel" {Slay+3}
  1573 | D:2      | Found Zucyhaff's Jewellery Shoppe.
  1633 | D:2      | Reached skill level 1 in Fighting
  1972 | D:2      | Reached skill level 1 in Armour
  2448 | D:3      | Reached XP level 4. HP: 25/25 MP: 5/13
  2563 | D:3      | Found a glowing drain.
  2592 | Sewer    | Entered a sewer
  2985 | Sewer    | Reached skill level 6 in Spellcasting
  3083 | Sewer    | Reached XP level 5. HP: 29/29 MP: 10/15
  3576 | Sewer    | HP: 1/29 [asphyx]
  3577 | Sewer    | Succumbed to a kobold brigand's curare-tipped dart

Illustrated notes

Levels and vault maps discovered:
D:1:      matt_arrival_spirals, layout_rooms
D:2:      layout_basic, serial_shops, nicolae_shop_competitors_out_of_business,
          minmay_statues_item
D:3:      layout_basic, gup_sewer_entry_pipe, uniq_natasha
Sewer:    sewer_minmay_treatment

Skill      XL: |  1  2  3  4  5 |
---------------+----------------+-----
Spellcasting   | 5 6 |  6.3
Fighting       | 1 |  1.0
Armour         | 1 |  1.0
Conjurations   | 2 |  2.6
Stealth        | 3 |  3.0
Dodging        | 3 |  3.0
Summonings     | |  1.1
Translocations | |  1.1
Air Magic      | |  0.3
Alchemy        | |  0.6

Action                     |  1- 3 |  4- 6 || total
---------------------------+-------+-------++-------
  Melee: Dagger            |    22 |    14 ||    36
         Trident           |    10 |    31 ||    41
   Cast: Magic Dart        |   124 |    91 ||   215
         Mephitic Cloud    |     2 |     5 ||     7
   Stab: Sleeping          |     3 |       ||     3
         Confused          |     1 |     1 ||     2
 Armour: Robe              |    15 |       ||    15
         Leather armour    |     6 |    43 ||    49
  Dodge: Dodged            |    40 |    66 ||   106

Table legend: (Time is in decaauts)
 A = Elapsed time spent in this place.
 B = Non-inter-level travel time spent in this place.
 C = Inter-level travel time spent in this place.
 D = Time resting spent in this place.
 E = Time spent auto-exploring this place.
 F = Levels seen in this place.
 G = Mean time per level.
                   A        B        C        D        E       F      G
               +--------+--------+--------+--------+--------+-----+--------+
         Total |   3596 |   3544 |     52 |    135 |   2797 |   4 |  899.0 |
       Dungeon |   2605 |   2553 |     52 |     60 |   2056 |   3 |  868.3 |
         Sewer |    991 |    991 |      0 |     75 |    741 |   1 |  991.0 |
               +--------+--------+--------+--------+--------+-----+--------+

Top non-repeatable levels by time:
     D:2: 1221 daAuts
     D:1: 1134 daAuts
   Sewer: 991 daAuts
     D:3: 249 daAuts
